 Dungeon Crawl Stone Soup version 0.23.2-1-ga50397a (webtiles) character file.

Game seed: 8834409902124216990

19 Iscandelvey the Vexing (level 2, 0/21 HPs)
             Began as a Demonspawn Arcane Marksman on Apr 17, 2019.
             Slain by a gnoll
             ... wielding a +2 spear of piercing
              (1 damage)
             ... on level 1 of the Dungeon.
             The game lasted 00:00:25 (619 turns).

Iscandelvey the Vexing (Demonspawn Arcane Marksman)  Turns: 619, Time: 00:00:25

Health: 0/21       AC:  2    Str: 10    XL:     2   Next: 55%
Magic:  3/3        EV: 12    Int: 14    God:
Gold:   50         SH:  0    Dex: 13    Spells: 2/3 levels left

rFire    . . .     SeeInvis .   a - +0 hand crossbow
rCold    . . .     Gourm    .   (no shield)
rNeg     . . .     Faith    .   e - +0 robe
rPois    .         Spirit   .   (no helmet)
rElec    .         Reflect  .   (no cloak)
rCorr    .         Harm     .   (no gloves)
MR       .....                  (no boots)
Stlth    ++........             (no amulet)
HPRegen  0.07/turn              (no ring)
MPRegen  0.08/turn              (no ring)

@: no status effects
A: nightstalker 1
a: no special abilities


You were on level 1 of the Dungeon.
You were not hungry.

You visited 1 branch of the dungeon, and saw 1 of its levels.

You collected 50 gold pieces.

Inventory:

Hand Weapons
 a - a +0 hand crossbow (weapon)
Missiles
 d - 23 bolts (quivered)
Armour
 e - a +0 robe (worn)
Jewellery
 g - an uncursed ring of see invisible {unknown}
Scrolls
 b - a scroll of random uselessness {unknown}
 h - a scroll of identify {unknown}
 i - a scroll of fear {unknown}
Potions
 c - 2 potions of curing {unknown}
 j - a potion of cancellation {unknown}
Comestibles
 f - 3 rations


   Skills:
 + Level 1.1 Fighting
 + Level 2.3 Crossbows
 + Level 2.0 Dodging
 + Level 0.1 Stealth
 + Level 1.0 Spellcasting
 + Level 3.3 Hexes


You had 2 spell levels left.
You knew the following spells:

 Your Spells              Type           Power        Failure   Level  Hunger
a - Corona                Hex            ##.....      7%          1    ##.....

Your spell library contained the following spells:

 Spells                   Type           Power        Failure   Level  Hunger
 Slow                     Hex            ##......     11%         2    ###....
 Inner Flame              Hex/Fire       #.......     38%         3    ####...
 Portal Projectile        Hex/Tloc       #.....       38%         3    ####...
 Cause Fear               Hex            ##........   56%         4    #####..
 Leda's Liquefaction      Hex/Erth       #.........   80%         4    #####..


Dungeon Overview and Level Annotations

Branches:
Dungeon (1/15)

Altars:


Innate Abilities, Weirdness & Mutations

You are slightly more attuned to the shadows.


Message History

Press: ? - help, Shift-Dir - straight line, f/p - gnoll
Aim: a gnoll, wielding a +2 spear of piercing (lightly wounded)
You shoot a bolt. The bolt barely misses the gnoll.
A gnoll is nearby!
Firing (i - inventory)
d - 25 bolts (quivered)
Press: ? - help, Shift-Dir - straight line, f/p - gnoll
Aim: a gnoll, wielding a +2 spear of piercing (lightly wounded)
You shoot a bolt. The bolt hits the gnoll.
The gnoll is heavily wounded.
The gnoll hits you from afar with a +2 spear of piercing!
A gnoll is nearby!
Firing (i - inventory)
d - 24 bolts (quivered)
Press: ? - help, Shift-Dir - straight line, f/p - gnoll
Aim: a gnoll, wielding a +2 spear of piercing (heavily wounded)
You shoot a bolt. The bolt hits the gnoll.
The gnoll is severely wounded.
The gnoll hits you from afar with a +2 spear of piercing.
The gnoll hits you from afar with a +2 spear of piercing!
* * * LOW HITPOINT WARNING * * *
You die...

#....>....(...........
###########.#...##....
#.###.##....
#.....###### #..####
#..########
#######..#......##
#...............'.
#@####.#[.......## #.#
#.#..#'###### #g#
#.#..#.# # #.#
#.####.# # #.#
#......# # #(#
######## # #(. # #


You could see a gnoll.

Vanquished Creatures
  An ooze (D:1)
  3 giant cockroaches (D:1)
  2 hobgoblins (D:1)
  2 bats (D:1)
  A frilled lizard (D:1)
  3 kobolds (D:1)
  4 rats (D:1)
16 creatures vanquished.

Notes
Turn   | Place    | Note
-------+----------+-------------------------------------------
     0 | D:1      | Iscandelvey the Demonspawn Arcane Marksman began the quest
                  | for the Orb.
     0 | D:1      | Reached XP level 1. HP: 15/15 MP: 2/2
   181 | D:1      | Gained mutation: You are slightly more attuned to the
                  | shadows. [demonic ancestry]
   181 | D:1      | Reached XP level 2. HP: 7/21 MP: 3/3
   619 | D:1      | HP: 1/21 [gnoll/+2 spear of piercing (7)]
   619 | D:1      | Slain by a gnoll

Skill      XL: |  1 |
---------------+----+-----
Dodging        | 2 |  2.0
Crossbows      | 2 |  2.3
Fighting       | |  1.1
Stealth        | |  0.1
Spellcasting   | |  1.0
Hexes          | |  3.3

Action                   || total
-------------------------++-------
 Fire: Hand crossbow     ||    62
Armor: Robe              ||     6
Dodge: Dodged            ||    15
